 Dungeon Crawl Stone Soup version 0.29.1-2-gbd0b4ee654 (webtiles) character file.

Game seed: 14176991506520402052

22890 stave the Warrior (level 12, -6/119 HPs)
             Began as a Minotaur Berserker on Nov 17, 2022.
             Was an Elder of Trog.
             Mangled by caveywoolpert's ghost (22 damage)
             ... on level 11 of the Dungeon on Nov 22, 2022.
             The game lasted 02:24:04 (17111 turns).

stave the Warrior (Minotaur Berserker)             Turns: 17111, Time: 02:24:05

Health: -6/119     AC: 20    Str: 27    XL:     12   Next: 67%
Magic:  0/11       EV:  8    Int:  4    God:    Trog [****..]
Gold:   825        SH: 10    Dex: 10    Spells: 11/11 levels left

rFire   . . .      SeeInvis .   C - +5 morningstar (drain)
rCold   . . .      Faith    .   S - +1 tower shield
rNeg    . . .      Spirit   +   r - +1 plate armour
rPois   .          Reflect  .   (helmet restricted)
rElec   .          Harm     .   j - scarf {repulsion}
rCorr   .          Rampage  .   (no gloves)
Will    .....                   h - +1 pair of boots
Stlth   ..........              n - amulet of guardian spirit
HPRegen 0.29/turn               E - ring of flight
MPRegen 0.12/turn               B - +4 ring of evasion

@: on berserk cooldown, flying, slowed, repel missiles, very slow
A: horns 2, retaliatory headbutt
a: Renounce Religion, Berserk, Trog's Hand, Brothers in Arms


You were on level 11 of the Dungeon.
You worshipped Trog.
Trog was greatly pleased with you.
You visited 3 branches of the dungeon, and saw 13 of its levels.
You also visited: Bailey.

You collected 825 gold pieces.

Inventory:

Hand Weapons
 a - a +0 hand axe
 w - a +1 war axe
 C - a +5 morningstar of draining (weapon)
 M - a +0 battleaxe
 N - a +0 hand axe
 P - a +0 broad axe
Missiles
 g - 88 stones
 s - 5 curare-tipped darts
 y - 13 poisoned darts (quivered)
Armour
 h - a +1 pair of boots (worn)
 j - a scarf of repulsion (worn)
 r - a +1 plate armour (worn)
 I - a +0 leather armour of poison resistance
 Q - the +4 skin of Zhor {*Englaciate rC+++ SInv}
   (You took it off an orc knight in a bailey)

   It radiates cold, occasionally slowing all nearby creatures who are not
   resistant to cold.
   rC:        It renders you almost immune to cold.
   SInv:      It lets you see invisible.
 S - a +1 tower shield (worn)
Jewellery
 n - an amulet of guardian spirit (around neck)
 u - a ring of ice
 B - a +4 ring of evasion (right hand)
 E - a ring of flight (left hand)
Scrolls
 c - a scroll of torment {unknown}
 d - 5 scrolls of immolation
 e - 2 scrolls of summoning
 m - 3 scrolls of magic mapping
 o - a scroll of butterflies
 p - 5 scrolls of teleportation
 q - 3 scrolls of fear
 v - a scroll of noise {unknown}
 G - a scroll of vulnerability {unknown}
 K - a scroll of poison {unknown}
 O - 2 scrolls of acquirement
Potions
 b - a potion of haste {unknown}
 f - 5 potions of flight
 i - 4 potions of attraction
 k - a potion of ambrosia {unknown}
 l - 2 potions of curing
 t - 3 potions of heal wounds
 x - a potion of lignification {unknown}
 z - 2 potions of might
 A - 3 potions of mutation
 D - 2 potions of invisibility
 F - 7 potions of brilliance
 H - 2 potions of magic {unknown}
 J - 2 potions of cancellation {unknown}
 R - 12 potions of degeneration


   Skills:
 + Level 15.1 Fighting
 - Level 14.3(14.6) Axes
 + Level 4.9(10.5) Maces & Flails
 + Level 14.8 Armour
 - Level 2.1 Dodging


You had 11 spell levels left.
You didn't know any spells.
Your spell library was empty.

Dungeon Overview and Level Annotations

Branches:
Dungeon (11/15)            Temple (1/1) D:7            Lair (1/5) D:8
 Bailey (visited)
    Orc: D:9-12

Altars:
Ashenzari
Cheibriados
Dithmenos
Elyvilon
Fedhas
Gozag
Hepliaklqana
Kikubaaqudgha
Makhleb
Nemelex Xobeh
Okawaru
Qazlal
Ru
Sif Muna
Trog
Uskayaw
Vehumet
Wu Jian
Xom
Yredelemnul
Zin
The Shining One

Shops:
D:6 [   D:7 :

Annotations:
D:11 caveywoolpert's ghost, journeyman TrFi


Innate Abilities, Weirdness & Mutations

You have a pair of horns on your head.
You reflexively headbutt those who attack you in melee.


Message History

You sock the boulder beetle! You drain the boulder beetle.
You kill the boulder beetle!
Trog accepts your kill.
You feel sick. Caveywoolpert's ghost hits you!
You block caveywoolpert's ghost's attack.
You puncture caveywoolpert's ghost!
You headbutt caveywoolpert's ghost, but do no damage.
Caveywoolpert's ghost is lightly damaged.
You feel sick.
You are no longer poisoned.
Caveywoolpert's ghost hits you!!
You closely miss caveywoolpert's ghost.
Caveywoolpert's ghost is lightly damaged.
Caveywoolpert's ghost hits you!!
You are too berserk!
You sock caveywoolpert's ghost!
Caveywoolpert's ghost is lightly damaged.
Caveywoolpert's ghost hits you!
* * * LOW HITPOINT WARNING * * *
The cyclops hits you!!
* * * LOW HITPOINT WARNING * * *
You sock caveywoolpert's ghost!
Caveywoolpert's ghost is moderately damaged.
You hit caveywoolpert's ghost.
Caveywoolpert's ghost is moderately damaged.
You are no longer berserk.
You are exhausted.
You feel yourself slow down. Caveywoolpert's ghost hits you!!
* * * LOW HITPOINT WARNING * * *
The cyclops hits you.
You feel better.
Caveywoolpert's ghost closely misses you.
You block caveywoolpert's ghost's attack.
The cyclops hits you.
* * * LOW HITPOINT WARNING * * *
You hit caveywoolpert's ghost.
You headbutt caveywoolpert's ghost, but do no damage.
Caveywoolpert's ghost is moderately damaged.
Caveywoolpert's ghost hits you!!
You die...

#..<>.<...........
##.................
#.............?....
#..................
####..................
##.....................
##..###.................
#.......................
#......@.)..............
#..###CW)###............
#..#.......#............
#..#.......#............
##..#.#...#.#............
#######...#..#$#..#............
###.........#.#...#.#..........##
#...........#..[$...#.........##
#.#####.....#.......#........##


You could see a cyclops and caveywoolpert's ghost.

Vanquished Creatures
  A boulder beetle (shapeshifter) (D:11)
  5 two-headed ogres
  Erica (D:8)
  An orc high priest (Bailey)
  3 orc knights (Bailey)
  A cyclops (D:9)
  A manticore (D:11)
  Maurice (D:8)
  A torpor snail (Lair:1)
  Joseph (D:8)
  A rime drake (Lair:1)
  A cane toad (Lair:1)
  2 komodo dragons (Lair:1)
  3 kobold demonologists
  2 trolls
  A hornet (D:9)
  2 wyverns
  Eustachio (D:6)
  2 basilisks
  2 steam dragons (D:9)
  27 yaks
  Grum (D:8)
  4 vampire mosquitoes (D:10)
  3 acid dragons
  5 water moccasins
  Duvessa (D:6)
  9 orc warriors
  3 black bears
  A sky beast (D:7)
  An ogre (D:5)
  14 wolves
  2 centaurs
  4 kobold brigands
  7 bullfrogs
  A gnoll sergeant (D:10)
  4 scorpions
  6 necrophages
  5 wights (D:6)
  Dowan (D:6)
  9 killer bees
  3 howler monkeys
  8 electric eels
  4 crimson imps (D:8)
  A centaur zombie (D:6)
  A bullfrog zombie (D:6)
  2 orc priests
  A gnoll bouda (D:5)
  4 hounds
  4 jellies
  6 iguanas
  9 orc wizards
  A howler monkey zombie (D:6)
  6 adders
  23 gnolls
  A shadow imp (D:8)
  3 white imps
  2 ufetubi (D:6)
  2 worms
  38 orcs
  5 bats
  3 endoplasms
  4 giant cockroaches
  17 goblins
  9 hobgoblins
  12 jackals
  23 kobolds
  5 quokkas
  3 ball pythons
  2 frilled lizards (D:1)
  8 rats
  A bush (D:6)
352 creatures vanquished.

Vanquished Creatures (others)
  4 fungi (Lair:1)
  29 plants
33 creatures vanquished.

Grand Total: 385 creatures vanquished

Notes
Turn   | Place    | Note
-------+----------+-------------------------------------------
     0 | D:1      | stave the Minotaur Berserker began the quest for the Orb.
     0 | D:1      | Reached XP level 1. HP: 19/19 MP: 0/0
   151 | D:1      | Reached XP level 2. HP: 19/27 MP: 1/1
   469 | D:1      | Reached skill level 4 in Fighting
   868 | D:2      | Found a glowing golden altar of the Shining One.
  1048 | D:2      | Reached XP level 3. HP: 33/33 MP: 2/2
  1081 | D:2      | Reached XP level 4. HP: 20/41 MP: 3/3
  1315 | D:2      | Identified the -2 helmet of Wariness {Rampage Fly rF+
                  | Dex-2}
  1373 | D:2      | Reached ** piety under Trog
  1377 | D:2      | You fall into a shaft and drop 2 floors!
  1755 | D:3      | Reached skill level 5 in Fighting
  1755 | D:3      | Reached skill level 5 in Axes
  1755 | D:3      | Reached XP level 5. HP: 48/48 MP: 1/4
  2022 | D:3      | Found a faded altar of an unknown god.
  2935 | D:2      | Reached *** piety under Trog
  3305 | D:4      | Reached XP level 6. HP: 45/56 MP: 3/5
  3531 | D:4      | Reached skill level 5 in Armour
  3565 | D:4      | Reached skill level 6 in Fighting
  3743 | D:4      | Reached XP level 7. HP: 63/63 MP: 6/6
  3877 | D:5      | Entered Level 5 of the Dungeon
  4060 | D:5      | Found an ancient bone altar of Kikubaaqudgha.
  4681 | D:5      | Reached skill level 7 in Fighting
  4809 | D:5      | Reached XP level 8. HP: 38/73 MP: 2/7
  5201 | D:5      | Found a white marble altar of Elyvilon.
  5486 | D:6      | Noticed Duvessa
  5486 | D:6      | Noticed Dowan
  5494 | D:6      | Killed Dowan
  5498 | D:6      | Killed Duvessa
  5598 | D:6      | Reached skill level 8 in Fighting
  6013 | D:6      | Found Nuash's Antique Armour Shoppe.
  6022 | D:6      | Reached XP level 9. HP: 82/82 MP: 8/8
  6172 | D:6      | Noticed Eustachio
  6178 | D:6      | Killed Eustachio
  6179 | D:6      | Reached skill level 9 in Fighting
  6209 | D:6      | Found a blossoming altar of Fedhas.
  6966 | D:7      | Found Vug Hyoc's Book Emporium.
  6987 | D:7      | Found a staircase to the Ecumenical Temple.
  7018 | Temple   | Entered the Ecumenical Temple
  7348 | D:7      | Found a snail-covered altar of Cheibriados.
  7492 | D:7      | Reached skill level 10 in Fighting
  7492 | D:7      | Reached skill level 10 in Axes
  8134 | D:8      | Noticed Erica
  8145 | D:8      | Killed Erica
  8146 | D:8      | Reached skill level 10 in Armour
  8146 | D:8      | Reached XP level 10. HP: 94/94 MP: 9/9
  8266 | D:8      | Noticed a two-headed ogre
  8276 | D:8      | Killed a two-headed ogre
  8425 | D:8      | Reached skill level 11 in Fighting
  8443 | D:8      | Found a staircase to the Lair.
  8467 | D:8      | Reached **** piety under Trog
  8750 | D:8      | HP: 4/96 [electric eel/bolt of electricity (12)]
  8846 | D:8      | Noticed Grum
  8872 | D:8      | Killed Grum
  9075 | Lair:1   | Entered Level 1 of the Lair of Beasts
  9109 | Lair:1   | Noticed a cane toad
  9116 | Lair:1   | Killed a cane toad
  9128 | Lair:1   | Reached skill level 12 in Fighting
  9568 | Lair:1   | Reached XP level 11. HP: 89/104 MP: 8/10
 10670 | D:8      | Noticed Joseph
 10680 | D:8      | Killed Joseph
 10722 | D:8      | Found a hide-covered altar of Uskayaw.
 10735 | D:8      | Noticed Maurice
 10767 | D:8      | Killed Maurice
 10994 | D:8      | Found a shimmering altar of Xom.
 11243 | D:8      | Reached skill level 13 in Fighting
 12279 | D:9      | Noticed a two-headed ogre
 12288 | D:9      | Killed a two-headed ogre
 13349 | D:10     | Entered Level 10 of the Dungeon
 13480 | D:10     | Found a flagged portal.
 13490 | Bailey   | Entered a bailey
 13628 | Bailey   | Noticed an orc knight
 13633 | Bailey   | Killed an orc knight
 13634 | Bailey   | Reached XP level 12. HP: 116/116 MP: 9/11
 13689 | Bailey   | Reached skill level 14 in Fighting
 14699 | Bailey   | Found an iron altar of Okawaru.
 14701 | Bailey   | Noticed an orc high priest
 14718 | Bailey   | Killed an orc high priest
 15160 | D:10     | Identified the +1 robe of the Muttering Gods {Dex+3}
 15177 | D:10     | Found a shadowy altar of Dithmenos.
 15348 | D:10     | Noticed a two-headed ogre
 15355 | D:10     | Killed a two-headed ogre
 15356 | D:10     | Reached skill level 1 in Maces & Flails
 16046 | D:11     | Found a runed translucent gate.
 16046 | D:11     | Found a runed translucent gate.
 16051 | D:11     | Noticed a two-headed ogre
 16052 | D:11     | Noticed caveywoolpert's ghost (journeyman TrFi)
 16055 | D:11     | Noticed a two-headed ogre
 16183 | D:11     | Found a runed translucent gate.
 17090 | D:11     | Noticed a boulder beetle
 17098 | D:11     | Killed a two-headed ogre
 17100 | D:11     | Killed a two-headed ogre
 17101 | D:11     | Reached skill level 15 in Fighting
 17103 | D:11     | Killed a boulder beetle
 17111 | D:11     | Mangled by caveywoolpert's ghost

Illustrated notes

Levels and vault maps discovered:
D:1:      elethiomel_arrival_quiet, layout_rooms
D:2:      layout_basic, basic_altar
D:3:      layout_loops_ring, shapermc_ecumenical_altar_hornbeckon,
          gup_sewer_entry_spiral
D:4:      layout_gridville, minmay_diced_spiral
D:5:      layout_basic, mainiacjoe_overflow_alcove_4, elyvilon_altar_4
D:6:      cheibrodos_thug_alley, layout_rooms, fedhas_altar_decomposition,
          minmay_shop_grid_forest, minmay_fractal_squares_diagonal_5,
          uniq_eustachio, uniq_duvessa
D:7:      layout_loops_ring, nicolae_overflow_crystal_walls, temple_pool_b,
          serial_shops, shop
D:8:      layout_basic, lemuel_doored_altar, led_xom_imps, erik_lair_island,
          serial_co_window_serial, co_window_of_opportunity_a,
          co_window_of_opportunity_a, co_window_of_opportunity_a,
          co_window_corner_a, co_window_corner_a, co_window_corner_a,
          co_window_broadway_a, co_window_of_opportunity_b,
          co_window_broadway_c, co_window_paths_e, glass_columns_a,
          glass_columns_a, glass_columns_b, glass_columns_a, glass_columns_a,
          minmay_fountain_box, corexii_leaking_fountain, uniq_erica,
          uniq_maurice, uniq_grum, uniq_joseph
D:9:      layout_basic
D:10:     layout_loops_ring, mainiacjoe_overflow_cross_hatched, enter_bailey_7
D:11:     layout_cave_pods, gammafunk_ghost_split
Temple:   hellmonk_temple_of_storms
Lair:1:   layout_long_grid, lemuel_fruit_tree, grunt_megastairs_5,
          serial_bayou_shore_b

Skill      XL: |  1  2  3  4  5  6  7  8  9 10 11 12 |
---------------+-------------------------------------+-----
Axes           | 4 5 6 7 8 10 12 13 14 | 14.3
Fighting       | 4 5 6 7 8 10 12 13 15 | 15.1
Armour         | 3 4 5 6 8 10 11 13 14 | 14.8
Maces & Flails | 4 |  4.9
Dodging        | |  2.1

Action                   |  1- 3 |  4- 6 |  7- 9 | 10-12 || total
-------------------------+-------+-------+-------+-------++-------
Melee: Hand axe          |    50 |   160 |    90 |    66 ||   366
       Headbutt          |     4 |    19 |    41 |    97 ||   161
       Punch             |       |     1 |     1 |     6 ||     8
       War axe           |       |       |   146 |   330 ||   476
       Morningstar       |       |       |       |    94 ||    94
Throw: Stone             |    26 |     9 |     6 |       ||    41
       Dart              |       |       |     6 |    16 ||    22
Invok: Berserk           |     3 |     3 |    15 |    16 ||    37
       Trog's Hand       |       |       |     1 |     3 ||     4
  Use: Scroll            |     2 |     4 |     6 |     4 ||    16
       Potion            |     2 |       |     1 |     7 ||    10
Armor: Chain mail        |    16 |    92 |    32 |       ||   140
       Animal skin       |     1 |       |       |       ||     1
       Plate armour      |       |       |    95 |   266 ||   361
Dodge: Dodged            |    28 |    61 |   115 |   329 ||   533
       Repelled          |       |       |       |     6 ||     6
Block: Tower shield      |       |       |       |    24 ||    24
